 Dungeon Crawl Stone Soup version 0.27.1-33-g824d729ab1 (webtiles) character file.

Game seed: 15969537383901920328

8949 hurricos the Blocker (level 11, 0/96 HPs)
             Began as a Troll Warper on Nov 30, 2021.
             Was a Follower of Cheibriados.
             Slain by a ten-headed hydra (4 damage)
             ... on level 11 of the Dungeon.
             The game lasted 00:13:44 (9186 turns).

hurricos the Blocker (Troll Warper)                 Turns: 9186, Time: 00:13:44

Health: 0/96       AC: 11    Str: 23    XL:     11   Next: 16%
Magic:  4/13       EV: 13    Int: 13    God:    Cheibriados [*.....]
Gold:   273        SH: 18    Dex: 12    Spells: 12/14 levels left

rFire    . . .     SeeInvis .     - Unarmed
rCold    . . .     Faith    .   t - +0 tower shield
rNeg     . . .     Spirit   .   F - +0 acid dragon scales
rPois    +         Reflect  .   (helmet restricted)
rElec    .         Harm     .   o - +2 cloak
rCorr    +         Rampage  .   (gloves unavailable)
Will     .....                  (boots unavailable)
Stlth    +.........             l - amulet of regeneration
HPRegen  2.26/turn              e - +4 ring of evasion
MPRegen  0.13/turn              (no ring)

@: very slightly contaminated, very slow
A: large, unfitting armour, claws 3, regeneration 1, shaggy fur 1, tough skin 1,
poison resistance, evolution 1
a: Renounce Religion, Bend Time


You were on level 11 of the Dungeon.
You worshipped Cheibriados.
Cheibriados was aware of your devotion.
You visited 2 branches of the dungeon, and saw 12 of its levels.

You collected 807 gold pieces.
You spent 534 gold pieces at shops.

Inventory:

Hand Weapons
 i - the +8 whip of Vitee {distort, rN+}
   (You took it off an orc on level 4 of the Dungeon)

   It warps and distorts space around it, and may blink, banish, or inflict
   extra damage upon those it strikes.
   Unwielding it can cause banishment or high damage.
   rN:        It protects you from negative energy.
Missiles
 c - 5 boomerangs of dispersal (quivered)
 k - 3 boomerangs
 w - 14 curare-tipped darts
 y - 3 silver boomerangs
Armour
 a - a +0 robe
 o - a +2 cloak (worn)
 t - a +0 tower shield (worn)
 x - a +1 robe of willpower
 F - +0 acid dragon scales (worn)
Jewellery
 e - a +4 ring of evasion (left claw)
 l - an amulet of regeneration (around neck)
 A - an amulet of faith
Wands
 p - a wand of charming (5)
 q - a wand of polymorph (25)
Scrolls
 b - 3 scrolls of blinking
 d - 2 scrolls of noise
 f - 12 scrolls of identify
 h - 5 scrolls of teleportation {unknown}
 m - 2 scrolls of enchant weapon {unknown}
 u - 2 scrolls of magic mapping
 v - a scroll of fear {unknown}
 B - a scroll of fog {unknown}
 G - a scroll of immolation
Potions
 g - 4 potions of flight
 j - 5 potions of curing
 n - a potion of cancellation
 r - 3 potions of might
 z - 2 potions of brilliance {unknown}
 C - 2 potions of mutation
 D - 10 potions of ambrosia
 E - a potion of attraction {unknown}
 H - a potion of heal wounds


   Skills:
 + Level 2.7 Fighting
 - Level 0.8 Throwing
 * Level 1.2 Armour
 * Level 3.8 Dodging
 + Level 10.9 Shields
 + Level 9.7 Unarmed Combat
 + Level 2.1 Spellcasting
 + Level 3.0 Translocations


You had 12 spell levels left.
You knew the following spells:

 Your Spells              Type           Power      Damage    Failure   Level
b - Blink                 Tloc           N/A        N/A       32%         2

Your spell library contained the following spells:

 Spells                   Type           Power      Damage    Failure   Level
 Gell's Gravitas          Tloc           4%         N/A       54%         3
 Lesser Beckoning         Tloc           4%         N/A       54%         3
 Teleport Other           Tloc           9%         N/A       54%         3
 Ozocubu's Armour         Ice            1%         N/A       92%         3
 Stone Arrow              Conj/Erth      2%         3d7       92%         3
 Manifold Assault         Tloc           9%         N/A       99%         5
 Bolt of Magma            Conj/Fire/Erth 0%         4d4       100%        5
 Metabolic Englaciation   Hex/Ice        0%         N/A       100%        5
 Simulacrum               Ice/Necr       0%         N/A       100%        6
 Shatter                  Erth           0%         3d5*      100%        9


Dungeon Overview and Level Annotations

Branches:
Dungeon (11/15)            Temple (1/1) D:4            Lair (0/6) D:11
    Orc (0/2) D:9

Altars:
Ashenzari
Cheibriados
Dithmenos
Elyvilon
Fedhas
Gozag
Hepliaklqana
Kikubaaqudgha
Nemelex Xobeh
Qazlal
Sif Muna
Trog
Wu Jian
Xom
Zin
The Shining One

Shops:
D:6 !   D:8 =   D:9 (

Annotations:
D:3 2 transporters
D:9 3 runed translucent doors, pancakes's ghost, journeyman OgWz
D:10 1 runed translucent door, Whoops's ghost, journeyman GrFi


Innate Abilities, Weirdness & Mutations

You are too large for most types of armour.
You have claws for hands.
Your natural rate of healing is unusually fast.
You are covered in fur. (AC +1)
You have tough skin. (AC +1)
Your system is resistant to poisons. (rPois)
You evolve.


Message History

The ten-headed hydra bites you. The ten-headed hydra misses you.
The ten-headed hydra bites you but does no damage. x2
Unknown command.
Casting: Blink (dangerous; 32% risk of failure)
Confirm with . or Enter, or press ? or * to list all spells.
You miscast Blink.
Nothing appears to happen.
The ten-headed hydra bites you.
You block the ten-headed hydra's attack.
The ten-headed hydra bites you.
You block the ten-headed hydra's attack.
The ten-headed hydra bites you but does no damage.
You block the ten-headed hydra's attack.
The ten-headed hydra bites you but does no damage. x2
The ten-headed hydra bites you.
The ten-headed hydra bites you but does no damage.
Unknown command.
Unknown command.
Casting: Blink (dangerous; 32% risk of failure)
Confirm with . or Enter, or press ? or * to list all spells.
You miscast Blink.
Nothing appears to happen.
You block the ten-headed hydra's attack. x2
The ten-headed hydra bites you but does no damage. x2
You block the ten-headed hydra's attack.
The ten-headed hydra barely misses you.
You block the ten-headed hydra's attack.
The ten-headed hydra bites you but does no damage.
The ten-headed hydra bites you!
* * * LOW HITPOINT WARNING * * *
The ten-headed hydra bites you.
* * * LOW HITPOINT WARNING * * *
Unknown command.
Casting: Blink (dangerous; 32% risk of failure)
Confirm with . or Enter, or press ? or * to list all spells.
You miscast Blink.
Nothing appears to happen.
The ten-headed hydra bites you!
* * * LOW HITPOINT WARNING * * *
The ten-headed hydra bites you!
* * * LOW HITPOINT WARNING * * *
The ten-headed hydra barely misses you. x2
The ten-headed hydra closely misses you.
The ten-headed hydra bites you.
You die...

...##......##.##....[...
#.
##.........##.##.......#
#.####.
####......##.##.).....#
#......
#......##.##.?.....#
######.
#......##.##.......# #.
#......##.#........# #.
#......##.⌠.)..$...# #.
#......##.._.D.....# ##
#......###⌠.@##[#### #
##.##..# # #....## ###.#
###### T# #..... .
#####. .. #. .. ##


You could see a ten-headed hydra.

Vanquished Creatures
  A two-headed ogre (D:10)
  Sonja (D:10)
  A troll (D:11)
  A queen bee (D:9)
  Grinder (D:5)
  Sigmund (D:5)
  A vampire (D:11)
  3 yaks (D:8)
  3 wyverns
  2 wraiths
  A steam dragon (D:10)
  Menkaure (D:4)
  A water moccasin (D:8)
  A sky beast (D:7)
  6 orc warriors (D:9)
  2 ogres
  2 necrophages
  A phantom (D:3)
  6 centaurs
  2 kobold brigands (D:6)
  6 bullfrogs
  3 scorpions (D:6)
  A water moccasin zombie (D:6)
  A water moccasin skeleton (D:5)
  19 killer bees (D:9)
  5 wights (D:9)
  3 howler monkeys
  2 centaur zombies
  4 hounds
  2 jellies
  Crazy Yiuf (D:4)
  A centaur skeleton (D:7)
  5 orc priests
  A bullfrog skeleton (D:7)
  A gnoll shaman (D:8)
  2 iguanas
  12 orc wizards
  Natasha (thrice) (D:3)
  A killer bee zombie (D:6)
  A hound zombie (D:5)
  A hound skeleton (D:4)
  Robin (D:2)
  7 gnolls
  5 adders
  An ufetubus (D:4)
  2 adder skeletons (D:4)
  A dart slug (D:1)
  38 orcs
  6 bats
  9 endoplasms
  2 giant cockroaches
  9 goblins
  10 hobgoblins
  4 jackals
  5 quokkas
  3 ball pythons
  2 frilled lizards (D:1)
  20 kobolds
  8 rats
246 creatures vanquished.

Vanquished Creatures (collateral kills)
  A gargoyle (D:11)
  A troll (D:11)
  An acid dragon (D:11)
3 creatures vanquished.

Vanquished Creatures (others)
  9 plants
9 creatures vanquished.

Grand Total: 258 creatures vanquished

Notes
Turn   | Place    | Note
-------+----------+-------------------------------------------
     0 | D:1      | hurricos the Troll Warper began the quest for the Orb.
     0 | D:1      | Reached XP level 1. HP: 19/19 MP: 1/1
   146 | D:1      | Reached XP level 2. HP: 27/27 MP: 2/2
   362 | D:1      | Found a faded altar of an unknown god.
   371 | D:1      | Reached XP level 3. HP: 33/33 MP: 3/3
   807 | D:2      | Noticed Robin
   853 | D:2      | Killed Robin
  1117 | D:3      | Reached XP level 4. HP: 38/41 MP: 4/4
  1254 | D:3      | Reached skill level 5 in Unarmed Combat
  1266 | D:3      | Reached XP level 5. HP: 34/48 MP: 5/5
  1433 | D:3      | Found a stormy altar of Qazlal.
  1434 | D:3      | Found a shimmering blue altar of Sif Muna.
  1434 | D:3      | Found a transporter.
  1819 | D:3      | Found a transporter.
  1855 | D:3      | Found an ornate altar of the Wu Jian Council.
  1877 | D:3      | Noticed a phantom
  1882 | D:3      | Killed a phantom
  1883 | D:3      | Reached XP level 6. HP: 55/55 MP: 6/6
  1937 | D:3      | Noticed Natasha
  1944 | D:3      | Killed Natasha
  1999 | D:3      | Noticed Natasha
  2010 | D:3      | Killed Natasha
  2058 | D:3      | Noticed Natasha
  2064 | D:3      | Killed Natasha
  2160 | D:4      | Gained mutation: You tend to lose your temper in combat.
                  | [potion of mutation]
  2160 | D:4      | Gained mutation: You evolve. [potion of mutation]
  2344 | D:4      | Noticed Menkaure
  2360 | D:4      | Killed Menkaure
  2361 | D:4      | Reached XP level 7. HP: 13/62 MP: 7/7
  2384 | D:4      | Identified the +8 whip of Vitee {distort, rN+}
  2767 | D:4      | Found a runed translucent door.
  2768 | D:4      | Noticed Crazy Yiuf
  2856 | D:4      | Killed Crazy Yiuf
  3023 | D:5      | Entered Level 5 of the Dungeon
  3367 | D:5      | Noticed Grinder
  3380 | D:5      | Killed Grinder
  3381 | D:5      | Reached skill level 2 in Shields
  3381 | D:5      | Reached XP level 8. HP: 70/70 MP: 8/8
  3400 | D:5      | Noticed Sigmund
  3412 | D:5      | Killed Sigmund
  3413 | D:5      | Reached skill level 3 in Shields
  3423 | D:5      | Lost mutation: You tend to lose your temper in combat.
                  | [evolution]
  3692 | D:6      | Reached skill level 4 in Shields
  3841 | D:6      | Reached skill level 5 in Shields
  4022 | D:6      | Reached skill level 6 in Shields
  4044 | D:6      | Reached XP level 9. HP: 76/76 MP: 9/9
  4125 | D:6      | Found Owiereq's Distillery.
  4128 | D:6      | Bought a potion of lignification for 30 gold pieces
  4238 | D:6      | Found a shimmering altar of Xom.
  4238 | D:6      | Found a shimmering altar of Xom.
  4239 | D:6      | Found a shimmering altar of Xom.
  4240 | D:6      | Found a shimmering altar of Xom.
  4241 | D:6      | Found a shimmering altar of Xom.
  4244 | D:6      | Found a shimmering altar of Xom.
  4647 | D:7      | Found a white marble altar of Elyvilon.
  4749 | D:7      | Reached skill level 7 in Shields
  4873 | D:7      | Found a glowing golden altar of the Shining One.
  5436 | D:8      | Reached skill level 8 in Shields
  5785 | D:8      | Reached skill level 9 in Shields
  5816 | D:8      | Found Voffoont's Jewellery Shoppe.
  5824 | D:8      | Bought a +4 ring of evasion for 504 gold pieces
  5840 | D:8      | Gained mutation: You are strong-willed. (Will+) [evolution]
  5898 | D:8      | Found a sparkling altar of Nemelex Xobeh.
  6498 | D:9      | Reached XP level 10. HP: 85/85 MP: 10/10
  6580 | D:9      | Reached skill level 10 in Shields
  6826 | D:9      | Found Houf's Weapon Shoppe.
  6865 | D:9      | Found a runed translucent gate.
  6865 | D:9      | Found a runed translucent gate.
  6865 | D:9      | Found a runed translucent gate.
  6866 | D:9      | Noticed an 11-headed hydra
  6866 | D:9      | Noticed a ten-headed hydra
  6867 | D:9      | Noticed pancakes's ghost (journeyman OgWz)
  7206 | D:9      | Learned a level 2 spell: Blink
  7519 | D:4      | Found a staircase to the Ecumenical Temple.
  7528 | Temple   | Entered the Ecumenical Temple
  7568 | Temple   | Became a worshipper of Cheibriados the Contemplative
  7895 | D:9      | Found a staircase to the Orcish Mines.
  7952 | D:9      | Gained mutation: Your system is resistant to poisons.
                  | (rPois) [evolution]
  8204 | D:10     | Entered Level 10 of the Dungeon
  8214 | D:10     | Noticed a two-headed ogre
  8223 | D:10     | Killed a two-headed ogre
  8266 | D:10     | Noticed Sonja
  8268 | D:10     | Killed Sonja
  8365 | D:10     | Lost mutation: You are strong-willed. (Will+) [evolution]
  8486 | D:10     | Found a runed translucent door.
  8488 | D:10     | Found a shimmering altar of Xom.
  8488 | D:10     | Noticed Whoops's ghost (journeyman GrFi)
  8489 | D:10     | Noticed a +0 broad axe of chaos
  8518 | D:10     | Noticed Maggie
  8521 | D:10     | Noticed Maggie
  8521 | D:10     | Maggie changed into Maggie the steam dragon
  8528 | D:10     | Killed Maggie the steam dragon
  8698 | D:10     | Reached XP level 11. HP: 94/94 MP: 11/13
  8912 | D:11     | Reached * piety under Cheibriados
  9081 | D:11     | Found a staircase to the Lair.
  9154 | D:11     | Found a sparkling altar of Nemelex Xobeh.
  9155 | D:11     | Noticed a five-headed hydra
  9161 | D:11     | Reached skill level 1 in Armour
  9186 | D:11     | HP: 4/96 [ten-headed hydra (9)]
  9186 | D:11     | Slain by a ten-headed hydra

Illustrated notes

Levels and vault maps discovered:
D:1:      lightli_arrival_isolated_outpost, layout_rooms,
          ebering_ecumenical_altar_sacrificial, serial_park_tiny_2
D:2:      layout_basic, serial_bayou_lagoon_a, uniq_robin
D:3:      layout_basic, gammafunk_temple_overflow_arena,
          small_statue_intersection, kennysheep_nub, uniq_natasha
D:4:      wad_crossroads, layout_basic, lemuel_temple_firewalk_b,
          uniq_crazy_yiuf_cottage, uniq_menkaure
D:5:      layout_rooms, uniq_sigmund, uniq_grinder
D:6:      layout_basic, xom_redecorated, serial_shops, kennysheep_mini_moat
D:7:      layout_loops_corners, mainiacjoe_overflow_chevrons, elyvilon_altar_1
D:8:      layout_layer_cave, nicolae_overflow_crystal_walls, serial_shops,
          nicolae_shop_temple_entry_statues_fountains, sigmund_army
D:9:      layout_long_grid, david_orc_3, serial_shops,
          nicolae_shop_behind_doors, special_room [special_room_bee],
          gammafunk_ghost_hydra_chop
D:10:     layout_cave_pools, ebering_ghost_xom, grunt_decor_resistance,
          serial_park_tiny_1, kennysheep_minor_cross, grunt_decor_fettered,
          uniq_maggie, uniq_sonja
D:11:     layout_roguey, lair_entry_dummy, nemelex_xobeh_ov_fountains_minmay
Temple:   regret_index_temple_waves

Skill      XL: |  1  2  3  4  5  6  7  8  9 10 11 |
---------------+----------------------------------+-----
Unarmed Combat | 3 4 5 6 7 9 |  9.7
Shields        | 2 6 9 10 | 10.9
Dodging        | 3 |  3.8
Fighting       | 2 |  2.7
Spellcasting   | 2 |  2.1
Translocations | 3 |  3.0
Armour         | 1 |  1.2
Throwing       | |  0.8

Action                   |  1- 3 |  4- 6 |  7- 9 | 10-12 || total
-------------------------+-------+-------+-------+-------++-------
Melee: Unarmed           |   100 |   155 |   344 |   271 ||   870
       Punch             |     1 |     2 |     3 |       ||     6
 Cast: Blink             |       |       |       |     1 ||     1
Evoke: Wand              |       |       |     3 |    13 ||    16
  Use: Potion            |       |     8 |     1 |     4 ||    13
       Scroll            |       |     4 |       |     1 ||     5
Armor: Robe              |    53 |    47 |    81 |    60 ||   241
       Skin              |       |    24 |     4 |     7 ||    35
       Acid dragon scale |       |       |       |    49 ||    49
Dodge: Dodged            |    55 |    72 |    61 |   130 ||   318
Block: Tower shield      |       |       |   234 |   341 ||   575
